 Dungeon Crawl Stone Soup version 0.29-a0-553-g81b289dbe5 (webtiles) character file.

Game seed: 9913497891890978013

49 shadowstone the Covered (level 3, -4/24 HPs)
             Began as a Gargoyle Fighter on June 6, 2022.
             Frozen to death by an endoplasm (5 damage)
             ... on level 2 of the Dungeon.
             The game lasted 00:03:55 (1522 turns).

shadowstone the Covered (Gargoyle Fighter)          Turns: 1522, Time: 00:03:55

Health: -4/24      AC: 10    Str: 21    XL:     3   Next: 77%
Magic:  3/3        EV:  9    Int:  8    God:
Gold:   46         SH:  4    Dex:  9    Spells: 2/2 levels left

rFire   . . .      SeeInvis .   i - +0 dagger (venom)
rCold   . . .      Faith    .   c - +0 buckler
rNeg    + . .      Spirit   .   b - +0 scale mail
rPois   ∞          Reflect  .   (no helmet)
rElec   +          Harm     .   (no cloak)
rCorr   .          Rampage  .   (no gloves)
Will    .....                   (no boots)
Stlth   ..........              (no amulet)
HPRegen 0.08/turn               (no ring)
MPRegen 0.08/turn               (no ring)

@: no status effects
A: sickness immunity, AC +3, negative energy resistance 1, electricity
resistance, torment resistance 1, petrification resistance
a: no special abilities


You were on level 2 of the Dungeon.
You visited 1 branch of the dungeon, and saw 2 of its levels.

You collected 46 gold pieces.

Inventory:

Hand Weapons
 a - a +0 trident
 i - a +0 dagger of venom (weapon)
Missiles
 h - 2 poisoned darts (quivered)
 j - 5 javelins
Armour
 b - a +0 scale mail (worn)
 c - a +0 buckler (worn)
Potions
 d - a potion of might
 g - a potion of heal wounds


   Skills:
 + Level 3.7 Fighting
 + Level 2.1 Polearms
 + Level 4.0 Armour
 + Level 0.2 Dodging
 + Level 0.3 Stealth
 + Level 3.6 Shields


You had 2 spell levels left.
You didn't know any spells.
Your spell library was empty.

Dungeon Overview and Level Annotations

Branches:
Dungeon (2/15)

Altars:


Innate Abilities, Weirdness & Mutations

You are immune to sickness and miasma.
Your stone body is resilient. (AC +3)
You are immune to poison.
You resist negative energy. (rN+)
You are resistant to electric shocks. (rElec)
You are resistant to unholy torment.
You are immune to petrification.


Message History

The kobold throws a stone.
The stone completely misses you.
You hit the gnoll but do no damage.
The gnoll is poisoned.
The kobold throws a stone.
The stone hits you but does no damage.
The endoplasm jiggles.
The endoplasm completely misses you. The gnoll hits you with a +0 spear.
You hit the gnoll but do no damage.
The gnoll looks as sick as possible!
The endoplasm barely misses you. The gnoll hits you with a +0 flail!
The gnoll barely misses you. x2; The gnoll hits you with a +0 spear.
* * * LOW HITPOINT WARNING * * *
You hit the gnoll.
The gnoll is poisoned.
The gnoll is lightly wounded.
You block the endoplasm's attack. The gnoll hits you but does no damage.
The gnoll barely misses you. The gnoll misses you.
You closely miss the gnoll.
The gnoll is lightly wounded.
You kill the gnoll!
The endoplasm hits you.
* * * LOW HITPOINT WARNING * * *
The gnoll barely misses you. You block the gnoll's attack.
Your Armour skill increases to level 4!
You hit the gnoll.
The gnoll looks as sick as possible!
The gnoll is moderately wounded.
The endoplasm hits you but does no damage.
You block the gnoll's attack. x2
You are too injured to fight recklessly!
You are too injured to fight recklessly!
You are too injured to fight recklessly!
You are too injured to fight recklessly!
As you read the scroll labelled PATEHI GOROMNO, it crumbles to dust.
It is a scroll of identify.
Okay, then.
The endoplasm hits you.
* * * LOW HITPOINT WARNING * * *
You block the gnoll's attack. The gnoll hits you but does no damage.
As you read the scroll of identify, it crumbles to dust.
g - a potion of heal wounds You kill the gnoll!
The endoplasm freezes you.
You are frozen.
You die...

#. #.. .# !.#
..# .. #.. #..
#.. . # ..#...#
..#..
..#...#...#...#
#...#...#...#..
..#...#)..#...#
#(..#Kg@#...#..
..#...#J).#...#
#...#...#...#..
..#...#...#...#
#...#...#...#..
..#...#...#...#
#...#...#...#..
..#...#...#...#
#...#...#...#..


You could see a gnoll, an endoplasm and a kobold.

Vanquished Creatures
  3 gnolls
  4 ball pythons
  2 endoplasms (D:1)
  2 goblins (D:1)
  2 hobgoblins
  3 jackals (D:1)
  A quokka (D:1)
  A bat (D:1)
  A frilled lizard (D:1)
  3 kobolds
  8 rats
  A bush (D:1)
31 creatures vanquished.

Vanquished Creatures (others)
  2 plants (D:1)
2 creatures vanquished.

Grand Total: 33 creatures vanquished

Notes
Turn   | Place    | Note
-------+----------+-------------------------------------------
     0 | D:1      | shadowstone the Gargoyle Fighter began the quest for the
                  | Orb.
     0 | D:1      | Reached XP level 1. HP: 14/14 MP: 1/1
   536 | D:1      | Reached XP level 2. HP: 19/19 MP: 2/2
   977 | D:1      | Reached XP level 3. HP: 20/24 MP: 3/3
  1520 | D:2      | Reached skill level 4 in Armour
  1521 | D:2      | HP: 1/24 [endoplasm (1)]
  1522 | D:2      | Frozen to death by an endoplasm

Illustrated notes

Levels and vault maps discovered:
D:1:      psy_arrival_conway, layout_basic, st_stairs_4
D:2:      layout_loops_ring, hex_large, serial_bayou_ford_a, minmay_pentomino_w2

Skill      XL: |  1  2  3 |
---------------+----------+-----
Polearms       | 2 |  2.1
Armour         | 4 |  4.0
Fighting       | |  3.7
Dodging        | |  0.2
Stealth        | |  0.3
Shields        | |  3.6

Action                   || total
-------------------------++-------
Melee: Trident           ||   176
       Dagger            ||    50
  Use: Scroll            ||     3
       Potion            ||     1
Armor: Scale mail        ||    77
Dodge: Dodged            ||    71
Block: Buckler           ||    32

Table legend: (Time is in decaauts)
 A = Elapsed time spent in this place.
 B = Non-inter-level travel time spent in this place.
 C = Inter-level travel time spent in this place.
 D = Time resting spent in this place.
 E = Time spent auto-exploring this place.
 F = Levels seen in this place.
 G = Mean time per level.
                   A        B        C        D        E       F      G
               +--------+--------+--------+--------+--------+-----+--------+
         Total |   1570 |   1570 |      0 |    637 |      0 |   2 |  785.0 |
       Dungeon |   1570 |   1570 |      0 |    637 |      0 |   2 |  785.0 |
               +--------+--------+--------+--------+--------+-----+--------+

Top non-repeatable levels by time:
     D:1: 1458 daAuts
     D:2: 112 daAuts
